 Dungeon Crawl Stone Soup version 0.27-a0-780-geb8d7bc690 (webtiles) character file.

Game seed: 2152715020802275229

38429 Essalna the Thaumaturge (level 14, -4/105 HPs)
             Began as a Djinni Venom Mage on Mar 26, 2021.
             Was a High Priest of Makhleb.
             Slain by a death yak (19 damage)
             ... in a Gauntlet.
             The game lasted 00:44:37 (13251 turns).

Essalna the Thaumaturge (Djinni Venom Mage)        Turns: 13251, Time: 00:44:38

Health: -4/105     AC: 12    Str: 19    XL:     14   Next: 2%
Gold:   860        EV: 17    Int: 28    God:    Makhleb [*****.] SH:  5 Dex: 14

rFire    + + .     SeeInvis .   P - +2 whip (elec)
rCold    x . .     Faith    .   i - +0 buckler of the Fiddle {Will+ Str+9 Slay+3 Stlth-}
rNeg     . . .     Spirit   .   b - +0 troll leather armour {Purgy}
rPois    ∞         Reflect  .   s - +0 helmet
rElec    .         Harm     .   (no cloak)
rCorr    .         Rampage  .   G - +1 pair of gloves {Str+3}
Will     ++...     NoTele   +   (boots unavailable)
Stlth    +.........             m - amulet of the acrobat
HPRegen  1.27/turn              j - +6 ring of intelligence
MPRegen  0.00/turn              l - +4 ring of protection

@: flying
A: fire resistance 2, cold vulnerability 1, float, innate caster, hp casting,
extra vitality 1
a: Renounce Religion, Minor Destruction, Lesser Servant of Makhleb, Major
Destruction, Greater Servant of Makhleb


You were in a Gauntlet.
You worshipped Makhleb.
Makhleb was extremely pleased with you.
You visited 2 branches of the dungeon, and saw 14 of its levels.
You also visited: Sewer, Ossuary, Bailey and Gauntlet.

You collected 860 gold pieces.

Inventory:

Hand Weapons
 c - a +1 short sword of electrocution
 u - a +1 short sword of venom
 P - a +2 whip of electrocution (weapon)
Armour
 a - a +0 robe
 b - a +0 troll leather armour (worn) {Purgy}
 i - the +0 buckler of the Fiddle (worn) {Will+ Str+9 Slay+3 Stlth-}
   (You acquired it on level 8 of the Dungeon)

   It affects your strength (+9).
   It affects your accuracy and damage with ranged weapons and melee attacks
   (+3).
   It affects your willpower, your defense against some magical effects.
   It makes you less stealthy.
 s - a +0 helmet (worn)
 G - a +1 pair of gloves of strength (worn)
Magical Staves
 L - a staff of conjuration
 M - a staff of air
Jewellery
 f - a +6 ring of intelligence
 j - a +6 ring of intelligence (right hand)
 l - a +4 ring of protection (left hand)
 m - an amulet of the acrobat (around neck)
 q - a ring of see invisible
 x - a ring of positive energy
 I - a ring of flight
Wands
 g - a wand of mindburst (14)
 n - a wand of digging (5)
 r - a wand of random effects (28)
 B - a wand of iceblast (10)
Scrolls
 e - 6 scrolls of identify
 h - 10 scrolls of teleportation
 o - 4 scrolls of fear
 p - a scroll of blinking
Potions
 d - 3 potions of flight {unknown}
 k - a potion of resistance
 t - 4 potions of brilliance {unknown}
 v - a potion of mutation
 w - 3 potions of attraction
 z - a potion of invisibility {unknown}
 A - a potion of might
 C - a potion of magic {unknown}
 D - 2 potions of cancellation {unknown}
 E - 2 potions of heal wounds {unknown}
 F - 5 potions of curing
 H - 4 potions of lignification {unknown}
 Q - a potion of ambrosia
 R - a potion of berserk rage


   Skills:
 + Level 11.4 Fighting
 - Level 7.2 Armour
 + Level 12.2 Dodging
 - Level 1.5 Stealth
 - Level 4.0 Shields
 + Level 12.3 Spellcasting


You had 7 spell levels left.
You knew the following spells:

 Your Spells              Type           Power      Damage    Failure   Level
a - Sting                 Tmut/Pois      100%       1d8       1%          1
b - Poisonous Vapours     Pois/Air       100%       N/A       1%          2
c - Mephitic Cloud        Conj/Pois/Air  72%        N/A       1%          3
d - Ignite Poison         Fire/Tmut/Pois 72%        N/A       1%          3
e - Olgreb's Toxic Radia  Pois           72%        N/A       1%          4
f - Shock                 Conj/Air       100%       1d9       1%          1
g - Blink                 Tloc           N/A        N/A       1%          2
h - Swiftness             Air            72%        N/A       1%          2
i - Inner Flame           Hex/Fire       72%        N/A       1%          3
j - Passage of Golubria   Tloc           N/A        N/A       1%          4
k - Lee's Rapid Deconstr  Erth           36%        3d19*     1%          5
Your spell library was empty.

Dungeon Overview and Level Annotations

Branches:
Dungeon (14/15)            Temple (1/1) D:4            Lair (0/6) D:9
 Vaults (0/5) D:14          Sewer (visited)         Ossuary (visited)
 Bailey (visited)         Gauntlet (1/1)
    Orc: D:9-12

Altars:
Ashenzari
Cheibriados
Dithmenos
Elyvilon
Fedhas
Gozag
Hepliaklqana
Kikubaaqudgha
Makhleb
Nemelex Xobeh
Okawaru
Qazlal
Ru
Sif Muna
Trog
Uskayaw
Vehumet
Wu Jian
Xom
Yredelemnul
Zin
The Shining One

Shops:
D:1 ![=*   D:6 (

Annotations:
D:14 2 runed translucent doors Gauntlet 11 transporters, exclusion: lightning spire


Innate Abilities, Weirdness & Mutations

You are immune to poison.
Your flesh is very heat resistant. (rF++)
You are vulnerable to cold. (rC-)
You float through the air rather than walking.
You learn spells naturally, not from books.
Your magical power is your life essence.
You have superior vitality. (+4 HP)


Message History

The necromancer is engulfed in blazing flames.
You kill the necromancer!
Makhleb accepts your kill.
You feel better.
Your life force feels restored.
You have reached level 14!
You are engulfed in blazing flames.
You resist.
There is a transporter here.
The death yak is engulfed in blazing flames.
You see here a scroll of identify.
The death yak is engulfed in blazing flames.
You see here a coppery potion.
The death yak completely misses you. The death yak completely misses you.
The death yak fails to trigger a net trap.
You see here a coppery potion.
t - 4 coppery potions (gained 1)
The death yak snorts and paws the ground.
The death yak gores you!
You hit the death yak but do no damage.
The death yak is severely wounded.
The death yak gores you!
You barely miss the death yak.
The death yak is severely wounded.
The death yak gores you!!
The death yak is engulfed in blazing flames.
You completely miss the death yak.
The death yak is severely wounded.
The death yak gores you!!
* * * LOW HITPOINT WARNING * * *
The death yak is engulfed in blazing flames.
Casting: Inner Flame (safe; 1% risk of failure)
Confirm with . or Enter, or press ? or * to list all spells.
Aiming: Inner Flame (safe; 1% risk of failure)
Press: ? - help, Shift-Dir - straight line, f - death yak
Aim: a death yak (severely wounded, chance to affect: 50%)
The death yak is filled with an inner flame.
* * * LOW HITPOINT WARNING * * *
The death yak gores you!!
You die...

#..#.#.##....#...#.#.#©≈≈.≈≈.≈.#.
...#.#.#.....#...#.#.#.≈..≈..≈.#.
.zz#.#.#...yyy#.:#.#.#.≈...≈≈..#.
######.###########.#############.
.......#§≈≈≈8≈≈≈§#........©#.....
######.###########.#########.....
.....#.#.^.......#.#..........###
.....#.#.#....^#.#.#..........#8#
###..#.#p.##.##.@#.#..###########
#8#..#.#..##.##YY#.#..#8# #8#
###..#©#..#^©.#§○#©#..### ###
#..###..##.##°°###..#
#....#..##.##.§#....#
#....#.#....^#.#....#
###..#.^.......#..###
#8#..###########..#8#
###§..............###


You could see 2 death yaks and 3 meliai.

Vanquished Creatures
  An orc warlord (Bailey)
  A hydra (D:13)
  Erica (D:9)
  2 boulder beetles
  4 centaur warriors
  A death yak (Gauntlet)
  3 two-headed ogres
  2 orc knights (Bailey)
  A deep elf pyromancer (D:13)
  A deep elf zephyrmancer (D:14)
  Pikel (D:7)
  A necromancer (Gauntlet)
  An ugly thing (D:13)
  A manticore (D:8)
  2 cyclopes
  Maggie (D:7)
  A kobold demonologist (D:8)
  2 trolls
  9 slime creatures (D:14)
  Prince Ribbit (D:7)
  3 flying skulls (Gauntlet)
  Sigmund (D:3)
  A shadow (D:10)
  3 wyverns
  10 yaks
  2 vampire mosquitoes (D:10)
  Edmund (D:5)
  Menkaure (D:7)
  An acid dragon (D:10)
  4 water moccasins
  14 orc warriors
  Purgy (Sewer)
  2 ice beasts
  A sky beast (D:7)
  A black bear (D:7)
  4 ogres
  2 necrophages
  2 wolves (D:9)
  11 centaurs
  2 phantoms (D:5)
  A kobold brigand (D:9)
  4 elf zombies (Ossuary)
  3 bullfrogs
  3 scorpions
  A wyvern skeleton (D:6)
  A water moccasin skeleton (D:6)
  12 killer bees (D:9)
  A howler monkey (D:6)
  5 wights (D:8)
  6 electric eels (D:9)
  5 centaur zombies
  5 hounds (D:9)
  4 jellies
  A human zombie (Ossuary)
  10 orc priests
  A centaur skeleton (D:7)
  2 bullfrog skeletons
  Ijyb (D:5)
  12 orc wizards
  Natasha (twice) (D:3)
  2 iguanas
  3 mummies (Ossuary)
  A howler monkey zombie (D:8)
  Robin (D:3)
  21 gnolls
  8 adders
  A river rat (D:3)
  A shadow imp (D:7)
  An ufetubus (D:6)
  An adder zombie (Ossuary)
  A worm (D:2)
  A dart slug (D:2)
  45 orcs
  6 endoplasms
  6 giant cockroaches
  A gnoll zombie (Ossuary)
  29 goblins
  23 hobgoblins
  10 kobolds
  2 quokkas
  9 ball pythons
  9 bats
  7 frilled lizards
  4 goblin zombies (Ossuary)
  2 hobgoblin zombies (Ossuary)
  3 jackal zombies (Ossuary)
  5 kobold zombies (Ossuary)
  3 orc zombies (Ossuary)
  7 quokka zombies (Ossuary)
  12 rats
  4 rat zombies (Ossuary)
413 creatures vanquished.

Vanquished Creatures (others)
  An orc priest (D:9)
  7 fungi (Gauntlet)
  7 plants (Gauntlet)
  21 withered plants (Gauntlet)
36 creatures vanquished.

Grand Total: 449 creatures vanquished

Notes
Turn   | Place    | Note
-------+----------+-------------------------------------------
     0 | D:1      | Essalna the Djinni Venom Mage began the quest for the Orb.
     0 | D:1      | Reached XP level 1. HP: 15/15 MP: 0/0
    10 | D:1      | Found Jabbulou's Jewellery Boutique.
    28 | D:1      | Found Temaq's Assorted Antiques.
   461 | D:1      | Reached XP level 2. HP: 16/21 MP: 0/0
   559 | D:1      | Found Qauwn's Armour Boutique.
   573 | D:1      | Found Gudukkig's Distillery.
  1576 | D:1      | Reached XP level 3. HP: 24/25 MP: 0/0
  1576 | D:1      | Learned a level 1 spell: Shock
  2679 | D:2      | Reached XP level 4. HP: 22/31 MP: 0/0
  3283 | D:3      | Reached skill level 1 in Fighting
  3358 | D:3      | Reached XP level 5. HP: 10/37 MP: 0/0
  3358 | D:3      | Learned a level 2 spell: Blink
  3373 | D:3      | Found a glowing drain.
  3382 | Sewer    | Entered a sewer
  3740 | Sewer    | Noticed Purgy
  3748 | Sewer    | Killed Purgy
  3749 | Sewer    | Reached XP level 6. HP: 26/45 MP: 0/0
  4135 | D:3      | Noticed Robin
  4158 | D:3      | Killed Robin
  4311 | D:3      | Noticed Natasha
  4315 | D:3      | Killed Natasha
  4334 | D:3      | Noticed Sigmund
  4341 | D:3      | Killed Sigmund
  4342 | D:3      | Reached skill level 1 in Armour
  4342 | D:3      | Reached skill level 5 in Spellcasting
  4342 | D:3      | Reached XP level 7. HP: 45/50 MP: 0/0
  4342 | D:3      | Learned a level 2 spell: Swiftness
  4419 | D:3      | Noticed Natasha
  4425 | D:3      | Killed Natasha
  4786 | D:4      | Found a staircase to the Ecumenical Temple.
  4800 | Temple   | Entered the Ecumenical Temple
  5576 | D:4      | Reached XP level 8. HP: 58/58 MP: 0/0
  5859 | D:5      | Entered Level 5 of the Dungeon
  6000 | D:5      | Reached skill level 5 in Dodging
  6005 | D:5      | Noticed Ijyb
  6010 | D:5      | Killed Ijyb
  6011 | D:5      | Reached skill level 5 in Fighting
  6217 | D:5      | Noticed Edmund
  6226 | D:5      | Killed Edmund
  6349 | D:6      | Reached XP level 9. HP: 61/65 MP: 0/0
  6349 | D:6      | Learned a level 3 spell: Inner Flame
  6482 | D:6      | Found a hazy altar of Hepliaklqana.
  6503 | D:6      | Found Cehufa Alust's Antique Weapon Boutique.
  6858 | D:6      | Found a sacrificial altar of Ru.
  6863 | D:6      | Found a burning altar of Makhleb.
  6867 | D:6      | Became a worshipper of Makhleb the Destroyer
  7040 | D:6      | Found a sparkling altar of Nemelex Xobeh.
  7040 | D:6      | Found an ornate altar of the Wu Jian Council.
  7150 | D:7      | Reached skill level 5 in Armour
  7232 | D:7      | Noticed Prince Ribbit
  7238 | D:7      | Killed Prince Ribbit
  7283 | D:7      | Found a flagged portal.
  7294 | Bailey   | Entered a bailey
  7326 | Bailey   | Reached * piety under Makhleb
  7498 | Bailey   | Noticed an orc knight
  7510 | Bailey   | Killed an orc knight
  7511 | Bailey   | Reached XP level 10. HP: 73/73 MP: 0/0
  7557 | Bailey   | Reached ** piety under Makhleb
  7626 | Bailey   | Noticed an orc warlord
  7626 | Bailey   | Noticed an orc knight
  7637 | Bailey   | Killed an orc warlord
  7637 | Bailey   | Killed an orc knight
  7761 | D:7      | Noticed Pikel
  7767 | D:7      | Killed Pikel
  7819 | D:7      | Found a sand-covered staircase.
  7824 | Ossuary  | Entered an ossuary
  7860 | Ossuary  | Reached *** piety under Makhleb
  8026 | Ossuary  | Reached XP level 11. HP: 81/81 MP: 0/0
  8026 | Ossuary  | Learned a level 4 spell: Passage of Golubria
  8183 | D:7      | Noticed Menkaure
  8197 | D:7      | Killed Menkaure
  8201 | D:7      | Reached **** piety under Makhleb
  8644 | D:7      | Noticed Maggie
  8656 | D:7      | Killed Maggie
  9405 | D:8      | Noticed a centaur warrior
  9408 | D:8      | Killed a centaur warrior
  9490 | D:8      | Noticed a centaur warrior
  9494 | D:8      | Noticed a manticore
  9496 | D:8      | Killed a centaur warrior
  9503 | D:8      | Killed a manticore
  9571 | D:8      | Identified a scroll of acquirement
  9571 | D:8      | Acquired the +0 buckler of the Fiddle {Will+ Str+9 Slay+3
                  | Stlth-}
  9776 | D:8      | Reached skill level 10 in Dodging
  9904 | D:8      | Found a blossoming altar of Fedhas.
  9906 | D:8      | Found a stormy altar of Qazlal.
  9913 | D:8      | Reached skill level 1 in Shields
 10863 | D:9      | Noticed Erica
 10863 | D:9      | Noticed a two-headed ogre
 10867 | D:9      | Killed a two-headed ogre
 10974 | D:9      | Killed Erica
 11072 | D:9      | Found a staircase to the Lair.
 11080 | D:9      | Reached XP level 12. HP: 91/91 MP: 0/0
 11100 | D:9      | Reached ***** piety under Makhleb
 11102 | D:9      | Reached skill level 10 in Fighting
 11477 | D:9      | Noticed a boulder beetle
 11487 | D:9      | Killed a boulder beetle
 11633 | D:10     | Entered Level 10 of the Dungeon
 12229 | D:10     | Reached XP level 13. HP: 96/96 MP: 0/0
 12229 | D:10     | Learned a level 5 spell: Lee's Rapid Deconstruction
 12535 | D:11     | You are sucked into a shaft and drop 3 floors!
 12771 | D:14     | Found a gate to the Vaults.
 12817 | D:14     | Found a runed translucent gate.
 12817 | D:14     | Found a runed translucent gate.
 12833 | D:14     | Found a gate leading to a gauntlet.
 12839 | Gauntlet | Entered a Gauntlet
 12839 | Gauntlet | Found a transporter.
 12839 | Gauntlet | Found a transporter.
 12843 | Gauntlet | Found a transporter.
 12843 | Gauntlet | Found a transporter.
 12854 | Gauntlet | Found a transporter.
 12873 | Gauntlet | Found a transporter.
 12894 | Gauntlet | Found a transporter.
 12910 | Gauntlet | Found a transporter.
 12995 | Gauntlet | Found a transporter.
 13004 | Gauntlet | Found a transporter.
 13022 | Gauntlet | Found a transporter.
 13034 | Gauntlet | Found a transporter.
 13128 | Gauntlet | Found a transporter.
 13137 | Gauntlet | Found a transporter.
 13232 | Gauntlet | Identified the -6 cloak of Hangman {*Slow Dex+5}
 13242 | Gauntlet | Reached XP level 14. HP: 62/105 MP: 0/0
 13251 | Gauntlet | Slain by a death yak

Illustrated notes

Levels and vault maps discovered:
D:1:      ncdulo_watergridlock, layout_loops_ring, serial_shops, shop,
          nicolae_shop_statue_plus, nicolae_shop_waterfront,
          nicolae_shop_statue_plus
D:2:      layout_rooms
D:3:      layout_basic, portal_sewer_entry_e, hangedman_decor_growths,
          st_stairs_14, minmay_misc_feat_chi, minmay_misc_feat_square,
          uniq_sigmund, uniq_robin, uniq_natasha
D:4:      layout_basic, minmay_temple_entry_arrows
D:5:      layout_rooms, uniq_ijyb, uniq_edmund
D:6:      layout_loops_ring, minitemple, amethyst_overflow_temple_binary,
          serial_shops, shop, grunt_ministairs_11
D:7:      layout_basic, enter_bailey_5, nicolae_ossuary_entry_false_entrances,
          grunt_ministairs_4, kennysheep_generic_room_3, uniq_menkaure,
          uniq_pikel, uniq_prince_ribbit1, uniq_maggie
D:8:      minmay_diamond_stairs, layout_layer_cave,
          grunt_temple_overflow_forces_of_nature
D:9:      layout_basic, erik_lair_island, grunt_ministairs_10, uniq_erica
D:10:     layout_long_grid
D:11:     layout_roguey, kennysheep_orc_monster_closet_entryway,
          nzn_sisyphean_effort
D:13:     layout_basic
D:14:     layout_long_grid, david_vaults_1, biasface_ghost_orc_armoury,
          gauntlet_entry_generic, minivault_4, uniq_nessos
Temple:   regret_index_temple_waves
Gauntlet: gammafunk_gauntlet_branching [gammafunk_gauntlet_arena_split_x,
          gammafunk_gauntlet_arena_hedges,
          gammafunk_gauntlet_arena_arrow_garden, gammafunk_gauntlet_arena_grid,
          nicolae_gauntlet_swirl, nicolae_gauntlet_arena_blocks,
          nicolae_gauntlet_arena_x, nicolae_gauntlet_arena_flowing_pool,
          gauntlet_exit_green]

Skill      XL: |  1  2  3  4  5  6  7  8  9 10 11 12 13 |
---------------+----------------------------------------+-----
Spellcasting   | 3 4 5 6 7 8 9 11 12 | 12.3
Fighting       | 1 2 3 4 5 6 8 9 10 11 | 11.4
Armour         | 1 2 4 6 7 |  7.2
Dodging        | 3 4 5 7 8 10 12 | 12.2
Shields        | 3 4 |  4.0
Stealth        | |  1.5

Action                   |  1- 3 |  4- 6 |  7- 9 | 10-12 | 13-15 || total
-------------------------+-------+-------+-------+-------+-------++-------
Melee: Short sword       |       |     2 |    25 |       |       ||    27
       Whip              |       |       |       |   212 |    52 ||   264
 Cast: Sting             |    55 |    31 |    86 |     4 |     1 ||   177
       Poisonous Vapours |    27 |    55 |   206 |   111 |    26 ||   425
       Olgreb's Toxic Ra |       |       |     4 |    19 |     6 ||    29
       Shock             |       |       |    49 |       |       ||    49
       Ignite Poison     |       |       |     1 |    27 |    20 ||    48
       Inner Flame       |       |       |     1 |    10 |    10 ||    21
       Passage of Golubr |       |       |       |     2 |       ||     2
       Lee's Rapid Decon |       |       |       |       |     3 ||     3
  Use: Scroll            |       |     5 |     1 |    14 |     2 ||    22
       Potion            |       |       |       |     1 |     3 ||     4
Armor: Robe              |     8 |     2 |       |       |       ||    10
       Troll leather arm |       |     3 |    45 |    92 |    38 ||   178
Dodge: Dodged            |    13 |    17 |   104 |   225 |    93 ||   452
Block: Buckler           |       |       |       |    18 |    28 ||    46

Table legend: (Time is in decaauts)
 A = Elapsed time spent in this place.
 B = Non-inter-level travel time spent in this place.
 C = Inter-level travel time spent in this place.
 D = Time resting spent in this place.
 E = Time spent auto-exploring this place.
 F = Levels seen in this place.
 G = Mean time per level.
                   A        B        C        D        E       F      G
               +--------+--------+--------+--------+--------+-----+--------+
         Total |  13282 |  12499 |    783 |    114 |  10002 |  18 |  737.9 |
       Dungeon |  11280 |  10525 |    755 |    106 |   8872 |  13 |  867.7 |
        Temple |    124 |     96 |     28 |      0 |     95 |   1 |  124.0 |
         Sewer |    676 |    676 |      0 |      0 |    601 |   1 |  676.0 |
       Ossuary |    358 |    358 |      0 |      0 |     87 |   1 |  358.0 |
        Bailey |    428 |    428 |      0 |      0 |    181 |   1 |  428.0 |
      Gauntlet |    413 |    413 |      0 |      8 |    166 |   1 |  413.0 |
               +--------+--------+--------+--------+--------+-----+--------+

Top non-repeatable levels by time:
     D:2: 1643 daAuts
     D:1: 1641 daAuts
     D:8: 1549 daAuts
     D:7: 1458 daAuts
     D:4: 972 daAuts
     D:6: 850 daAuts
     D:3: 800 daAuts
   Sewer: 676 daAuts
     D:9: 670 daAuts
    D:10: 631 daAuts
     D:5: 482 daAuts
  Bailey: 428 daAuts
Gauntlet: 413 daAuts
 Ossuary: 358 daAuts
    D:11: 275 daAuts
